TOP OF THE 1ST |
Kenosha Kingfish batting - Pitching for Nashua Redlegs : RHP Carlos Rodríguez
|
Pitching: RHP Carlos Rodríguez
|
|
Batting: LHB Marvin Nichols
|
0-0: Foul Ball, location: 2F 0-1: Ball 1-1: Ground out U3 (Groundball, 3)
|
Batting: LHB Henry Durham
|
0-0: Called Strike 0-1: Ball 1-1: Foul Ball, location: 2F 1-2: Ball 2-2: Strikes out swinging
|
Batting: LHB Jon Quinn
|
0-0: Swinging Strike 0-1: Ball 1-1: Ball 2-1: Foul Ball, location: 2F 2-2: Foul Ball, location: 2F 2-2: Foul Ball, location: 2F 2-2: Ball 3-2: Base on Balls
|
Batting: RHB Andrés Bustamante
|
0-0: Swinging Strike 0-1: Ball 1-1: Ball 2-1: Ball 3-1: Foul Ball, location: 2F 3-2: Base on Balls Jon Quinn to second
|
Batting: LHB Ernesto Meléndez
|
0-0: Ball 1-0: Swinging Strike 1-1: Ball 2-1: Ball 3-1: Foul Ball, location: 2F 3-2: Strikes out swinging
|
Top of the 1st over - 0 run(s), 0 hit(s), 0 error(s), 2 left on base; Kenosha 0 - Nashua 0 |
BOTTOM OF THE 1ST |
Nashua Redlegs batting - Pitching for Kenosha Kingfish : RHP Raúl Cruz
|
Pitching: RHP Raúl Cruz
|
|
Batting: LHB Derrek Robinson
|
0-0: Ball 1-0: Ball 2-0: Ball 3-0: Called Strike 3-1: Ground out 6-3 (Groundball, 6)
|
Batting: LHB Bob Campbell
|
0-0: Called Strike 0-1: Ball 1-1: Ball 2-1: Ball 3-1: Called Strike 3-2: Base on Balls
|
Batting: RHB Joe Noble
|
0-0: Ball 1-0: Called Strike 1-1: Reached on error, E4 (Groundball, 4) Bob Campbell to second
|
Batting: SHB José Vélez
|
0-0: Called Strike Bob Campbell steals 3rd base Joe Noble to second 0-1: Swinging Strike 0-2: SINGLE (Groundball, 34D) Bob Campbell scores Joe Noble to third Throwing error, E9 Joe Noble scores José Vélez to second
|
Batting: RHB Dave Warren
|
0-0: Ball 1-0: Ground out 6-3 (Groundball, 6) José Vélez to third
|
Batting: RHB Bob Fitzgerald
|
0-0: Called Strike 0-1: Ball 1-1: Swinging Strike 1-2: SINGLE (Line Drive, 89S) José Vélez scores
|
Batting: RHB Spencer Pritchett
|
0-0: SINGLE (Groundball, 56D) Bob Fitzgerald to second
|
Batting: RHB Ian Howard
|
0-0: Ball 1-0: Foul Ball, location: 2F 1-1: Ground out 1-3 (Groundball, P)
|
Bottom of the 1st over - 3 run(s), 3 hit(s), 2 error(s), 2 left on base; Kenosha 0 - Nashua 3 |
TOP OF THE 2ND |
Kenosha Kingfish batting - Pitching for Nashua Redlegs : RHP Carlos Rodríguez
|
Batting: RHB Millard Ferguson
|
0-0: Called Strike 0-1: Ball 1-1: Called Strike 1-2: Strikes out swinging
|
Batting: RHB Juan Escalante
|
0-0: Called Strike 0-1: Ball 1-1: Ball 2-1: Ball 3-1: Base on Balls
|
Batting: RHB Ron Campbell
|
0-0: Called Strike 0-1: Ball 1-1: Foul Ball, location: 2F 1-2: Strikes out swinging
|
Batting: RHB David Barker
|
0-0: Called Strike 0-1: Swinging Strike 0-2: Fielders Choice at 2nd, 5-4 (Groundball, 5L)
|
Top of the 2nd over - 0 run(s), 0 hit(s), 0 error(s), 0 left on base; Kenosha 0 - Nashua 3 |
BOTTOM OF THE 2ND |
Nashua Redlegs batting - Pitching for Kenosha Kingfish : RHP Raúl Cruz
|
Batting: RHB Katsuhito Ohayashi
|
0-0: Ball 1-0: Ball 2-0: Ground out 1-3 (Groundball, 15)
|
Batting: LHB Derrek Robinson
|
0-0: Swinging Strike 0-1: Ball 1-1: Swinging Strike 1-2: Ball 2-2: Ball 3-2: Base on Balls
|
Batting: LHB Bob Campbell
|
0-0: Called Strike 0-1: Grounds out, U3 (Groundball, 3L)
|
Batting: RHB Joe Noble
|
0-0: Called Strike 0-1: Ball 1-1: Foul Ball, location: 2F 1-2: Ball Passed Ball! Derrek Robinson to third 2-2: SINGLE (Line Drive, 4M) Derrek Robinson scores
|
Batting: SHB José Vélez
|
0-0: Ball 1-0: Ball 2-0: Called Strike 2-1: Swinging Strike 2-2: Foul Ball, location: 2F 2-2: Foul Ball, location: 2F 2-2: Fly out, F8 (Flyball, 8LM)
|
Bottom of the 2nd over - 1 run(s), 1 hit(s), 0 error(s), 1 left on base; Kenosha 0 - Nashua 4 |
TOP OF THE 3RD |
Kenosha Kingfish batting - Pitching for Nashua Redlegs : RHP Carlos Rodríguez
|
Batting: LHB Marvin Nichols
|
0-0: Ball 1-0: Foul Ball, location: 2F 1-1: Called Strike 1-2: Foul Ball, location: 2F 1-2: Strikes out swinging
|
Batting: LHB Henry Durham
|
0-0: Swinging Strike 0-1: Ball 1-1: Foul Ball, location: 2F 1-2: Ball 2-2: SINGLE (Groundball, 4) (infield hit)
|
Batting: LHB Jon Quinn
|
0-0: Called Strike 0-1: Swinging Strike 0-2: Ball 1-2: Ball 2-2: Ball 3-2: Base on Balls Henry Durham to second
|
Batting: RHB Andrés Bustamante
|
0-0: Called Strike 0-1: Ball 1-1: SINGLE (Flyball, 89S) Henry Durham to third Jon Quinn to second
|
Batting: LHB Ernesto Meléndez
|
0-0: Ball 1-0: Called Strike 1-1: Foul Ball, location: 2F 1-2: Strikes out swinging
|
Batting: RHB Millard Ferguson
|
0-0: Ball 1-0: Ball 2-0: Called Strike 2-1: Fielders Choice at 2nd, 4-6 (Groundball, 4)
|
Top of the 3rd over - 0 run(s), 2 hit(s), 0 error(s), 2 left on base; Kenosha 0 - Nashua 4 |
BOTTOM OF THE 3RD |
Nashua Redlegs batting - Pitching for Kenosha Kingfish : RHP Raúl Cruz
|
Batting: RHB Dave Warren
|
0-0: Ball 1-0: Ball 2-0: Called Strike 2-1: Foul Ball, location: 2F 2-2: Strikes out swinging
|
Batting: RHB Bob Fitzgerald
|
0-0: Foul Ball, location: 2F 0-1: Swinging Strike 0-2: Ball 1-2: Ball 2-2: Fly out, F7 (Line Drive, 78D)
|
Batting: RHB Spencer Pritchett
|
0-0: Called Strike 0-1: SINGLE (Line Drive, 8RS)
|
Batting: RHB Ian Howard
|
0-0: Ball 1-0: Ball 2-0: Foul Ball, location: 2F 2-1: Ball 3-1: Foul Ball, location: 2F 3-2: Foul Ball, location: 2F 3-2: Strikes out swinging
|
Bottom of the 3rd over - 0 run(s), 1 hit(s), 0 error(s), 1 left on base; Kenosha 0 - Nashua 4 |
TOP OF THE 4TH |
Kenosha Kingfish batting - Pitching for Nashua Redlegs : RHP Carlos Rodríguez
|
Batting: RHB Juan Escalante
|
0-0: Ground out 6-3 (Groundball, 56)
|
Batting: RHB Ron Campbell
|
0-0: Foul Ball, location: 2F 0-1: Foul Ball, location: 2F 0-2: Ball 1-2: Ball 2-2: SINGLE (Groundball, 25) (infield hit)
|
Batting: RHB David Barker
|
0-0: Ball 1-0: Ball 2-0: Ball 3-0: Called Strike 3-1: Called Strike 3-2: Base on Balls Ron Campbell to second
|
Batting: LHB Marvin Nichols
|
0-0: Ball 1-0: Fielders Choice at 2nd, 4-6 (Groundball, 4) Ron Campbell to third
|
Pitching: RHP Jason Spencer
|
|
Batting: LHB Henry Durham
|
0-0: Foul Ball, location: 2F 0-1: Ball 1-1: Foul Ball, location: 2F 1-2: Ball 2-2: Reached on error, E6 (Groundball, 6) Ron Campbell scores Marvin Nichols to second
|
Batting: LHB Jon Quinn
|
0-0: Foul Ball, location: 2F 0-1: Ball 1-1: Swinging Strike 1-2: Ball 2-2: Foul Ball, location: 2F 2-2: Ball 3-2: DOUBLE (Line Drive, 7LM) Marvin Nichols scores Henry Durham to third Henry Durham scores
|
Batting: RHB Andrés Bustamante
|
0-0: Ball 1-0: Swinging Strike 1-1: Foul Ball, location: 2F 1-2: Ball 2-2: Foul Ball, location: 2F 2-2: Foul Ball, location: 2F 2-2: Ball 3-2: Fly out, F8 (Line Drive, 89D)
|
Top of the 4th over - 3 run(s), 2 hit(s), 1 error(s), 1 left on base; Kenosha 3 - Nashua 4 |
BOTTOM OF THE 4TH |
Nashua Redlegs batting - Pitching for Kenosha Kingfish : RHP Raúl Cruz
|
Batting: RHB Katsuhito Ohayashi
|
0-0: Ball 1-0: Ball 2-0: Ball 3-0: Called Strike 3-1: Swinging Strike 3-2: Base on Balls
|
Batting: LHB Derrek Robinson
|
0-0: Foul Ball, location: 2F 0-1: Foul Ball, location: 2F 0-2: Ball 1-2: Foul Ball, location: 2F 1-2: Ball 2-2: Ball 3-2: Foul Ball, location: 2F 3-2: Base on Balls Katsuhito Ohayashi to second
|
Batting: LHB Bob Campbell
|
0-0: Called Strike 0-1: Foul Ball, location: 2F 0-2: Strikes out swinging
|
Pitching: LHP Johnny Clark
|
|
Batting: RHB Joe Noble
|
0-0: Called Strike 0-1: Foul Ball, location: 2F 0-2: Hit by Pitch Katsuhito Ohayashi to third Derrek Robinson to second
|
Batting: SHB José Vélez
|
0-0: Ball 1-0: Called Strike 1-1: Called Strike 1-2: Foul Ball, location: 2F 1-2: Fly out, F7 (Line Drive, 78M) Runner from 3rd tags up, SCORES, throw made
|
Batting: RHB Dave Warren
|
0-0: Ball 1-0: Called Strike 1-1: Called Strike 1-2: SINGLE (Line Drive, 56D) Derrek Robinson to third Joe Noble to second Runner from 3rd tries for Home, SAFE, no throw
|
Batting: RHB Bob Fitzgerald
|
0-0: Called Strike 0-1: Swinging Strike 0-2: Ball 1-2: Strikes out looking
|
Bottom of the 4th over - 2 run(s), 1 hit(s), 0 error(s), 2 left on base; Kenosha 3 - Nashua 6 |
TOP OF THE 5TH |
Kenosha Kingfish batting - Pitching for Nashua Redlegs : RHP Jason Spencer
|
Batting: LHB Ernesto Meléndez
|
0-0: Called Strike 0-1: Swinging Strike 0-2: Ball 1-2: Foul Ball, location: 2F 1-2: SOLO HOME RUN (Flyball, 9LD), Distance : 328 ft
|
Batting: RHB Millard Ferguson
|
0-0: Called Strike 0-1: Ground out 6-3 (Groundball, 6)
|
Batting: RHB Juan Escalante
|
0-0: Ball 1-0: Ball 2-0: Foul Ball, location: 2F 2-1: Ball 3-1: Called Strike 3-2: SOLO HOME RUN (Flyball, 78XD), Distance : 426 ft
|
Batting: RHB Ron Campbell
|
0-0: Ground out 6-3 (Groundball, 6S)
|
Batting: RHB David Barker
|
0-0: Called Strike 0-1: Called Strike 0-2: Ball 1-2: SINGLE (Groundball, 56D)
|
Batting: LHB Marvin Nichols
|
0-0: Called Strike David Barker steals 2nd base 0-1: Foul Ball, location: 2F 0-2: Fly out, F6 (Flyball, 6MD)
|
Top of the 5th over - 2 run(s), 3 hit(s), 0 error(s), 1 left on base; Kenosha 5 - Nashua 6 |
BOTTOM OF THE 5TH |
Nashua Redlegs batting - Pitching for Kenosha Kingfish : LHP Johnny Clark
|
Batting: RHB Spencer Pritchett
|
0-0: Called Strike 0-1: Ball 1-1: Ball 2-1: Ball 3-1: Fly out, F8 (Flyball, 89D)
|
Batting: RHB Ian Howard
|
0-0: Swinging Strike 0-1: Ball 1-1: Called Strike 1-2: Ball 2-2: Foul Ball, location: 2F 2-2: Foul Ball, location: 2F 2-2: Ball 3-2: Foul Ball, location: 2F 3-2: Strikes out swinging
|
Batting: RHB Katsuhito Ohayashi
|
0-0: Ground out 6-3 (Groundball, 6)
|
Bottom of the 5th over - 0 run(s), 0 hit(s), 0 error(s), 0 left on base; Kenosha 5 - Nashua 6 |
TOP OF THE 6TH |
Kenosha Kingfish batting - Pitching for Nashua Redlegs : RHP Jason Spencer
|
Pitching: RHP Edgar Sandoval
|
|
Batting: LHB Henry Durham
|
0-0: Called Strike 0-1: Foul Ball, location: 2F 0-2: Fly out, F7 (Flyball, 7S)
|
Batting: LHB Jon Quinn
|
0-0: Ball 1-0: Ground out U3 (Groundball, 34)
|
Batting: RHB Andrés Bustamante
|
0-0: Called Strike 0-1: Ball 1-1: Swinging Strike 1-2: SOLO HOME RUN (Line Drive, 7D), Distance : 375 ft
|
Batting: LHB Ernesto Meléndez
|
0-0: Ball 1-0: Ground out 6-3 (Groundball, 6)
|
Top of the 6th over - 1 run(s), 1 hit(s), 0 error(s), 0 left on base; Kenosha 6 - Nashua 6 |
BOTTOM OF THE 6TH |
Nashua Redlegs batting - Pitching for Kenosha Kingfish : LHP Johnny Clark
|
Batting: LHB Derrek Robinson
|
0-0: Called Strike 0-1: Ball 1-1: Called Strike 1-2: Ball 2-2: Strikes out swinging
|
Batting: LHB Bob Campbell
|
0-0: Ground out 4-3 (Groundball, 34)
|
Batting: RHB Joe Noble
|
0-0: Swinging Strike 0-1: Fly out, F9 (Line Drive, 9)
|
Bottom of the 6th over - 0 run(s), 0 hit(s), 0 error(s), 0 left on base; Kenosha 6 - Nashua 6 |
TOP OF THE 7TH |
Kenosha Kingfish batting - Pitching for Nashua Redlegs : RHP Edgar Sandoval
|
Pinch Hitting: RHB Esteban Ayala
|
0-0: Ball 1-0: Called Strike 1-1: SOLO HOME RUN (Flyball, 89XD), Distance : 412 ft
|
Batting: RHB Juan Escalante
|
0-0: Ball 1-0: SOLO HOME RUN (Flyball, 78XD), Distance : 420 ft
|
Pitching: RHP Nakamaro Uenohara
|
|
Batting: RHB Ron Campbell
|
0-0: Ball 1-0: Ball 2-0: Ball 3-0: Called Strike 3-1: Foul Ball, location: 2F 3-2: SINGLE (Groundball, 56D)
|
Batting: RHB David Barker
|
0-0: Sac Bunt - play at first, batter OUT! 1-3 Ron Campbell to second
|
Batting: LHB Marvin Nichols
|
0-0: Swinging Strike 0-1: Ball 1-1: Ball 2-1: Swinging Strike 2-2: Ball 3-2: Base on Balls
|
Batting: LHB Henry Durham
|
0-0: Called Strike Ron Campbell is caught stealing 3rd base Marvin Nichols to second 0-1: Ball 1-1: Ball 2-1: Called Strike 2-2: Foul Ball, location: 2F 2-2: Strikes out swinging
|
Top of the 7th over - 2 run(s), 3 hit(s), 0 error(s), 1 left on base; Kenosha 8 - Nashua 6 |
BOTTOM OF THE 7TH |
Nashua Redlegs batting - Pitching for Kenosha Kingfish : LHP Johnny Clark
|
Now at 2B: Esteban Ayala
|
|
Batting: SHB José Vélez
|
0-0: Ball 1-0: Swinging Strike 1-1: Ball 2-1: Swinging Strike 2-2: Strikes out looking
|
Pitching: RHP Pablo Suárez
|
|
Batting: RHB Dave Warren
|
0-0: Ball 1-0: Foul Ball, location: 2F 1-1: Ball 2-1: Foul Ball, location: 2F 2-2: Ground out 6-3 (Groundball, 6M)
|
Batting: RHB Bob Fitzgerald
|
0-0: Fly out, F9 (Flyball, 9)
|
Bottom of the 7th over - 0 run(s), 0 hit(s), 0 error(s), 0 left on base; Kenosha 8 - Nashua 6 |
TOP OF THE 8TH |
Kenosha Kingfish batting - Pitching for Nashua Redlegs : RHP Nakamaro Uenohara
|
Batting: LHB Jon Quinn
|
0-0: Ball 1-0: Ball 2-0: Foul Ball, location: 2F 2-1: Ball 3-1: Fly out, F4 (Popup, 34D)
|
Batting: RHB Andrés Bustamante
|
0-0: Called Strike 0-1: Called Strike 0-2: Ball 1-2: Strikes out swinging
|
Batting: LHB Ernesto Meléndez
|
0-0: Ball 1-0: Ball 2-0: Ball 3-0: Base on Balls
|
Batting: RHB Esteban Ayala
|
0-0: Swinging Strike 0-1: Ground out 1-3 (Groundball, 15S)
|
Top of the 8th over - 0 run(s), 0 hit(s), 0 error(s), 1 left on base; Kenosha 8 - Nashua 6 |
BOTTOM OF THE 8TH |
Nashua Redlegs batting - Pitching for Kenosha Kingfish : RHP Pablo Suárez
|
Batting: RHB Spencer Pritchett
|
0-0: Ball 1-0: Called Strike 1-1: Ball 2-1: Called Strike 2-2: Fly out, F3 (Popup, 3S)
|
Batting: RHB Ian Howard
|
0-0: Ball 1-0: Ball 2-0: Ball 3-0: Called Strike 3-1: Swinging Strike 3-2: Foul Ball, location: 2F 3-2: Base on Balls
|
Pitching: RHP Edwin Manning
|
|
Batting: RHB Katsuhito Ohayashi
|
0-0: Foul Ball, location: 2F 0-1: Ball 1-1: Foul Ball, location: 2F 1-2: Ball 2-2: Foul Ball, location: 2F 2-2: SINGLE (Line Drive, 8LS) Ian Howard to second
|
Pitching: LHP Dong-young Kang
|
|
Pinch Hitting: RHB Joe Smith
|
0-0: Ball Wild Pitch! Ian Howard to third Katsuhito Ohayashi to second 1-0: Ball 2-0: Ball 3-0: Called Strike 3-1: Called Strike 3-2: Base on Balls
|
Pinch Hitting: RHB Currito Campos
|
0-0: Ball 1-0: Ball 2-0: Called Strike 2-1: Ball 3-1: Foul Ball, location: 2F 3-2: Strikes out swinging
|
Pitching: RHP Claudio Cuevas
|
|
Batting: RHB Joe Noble
|
0-0: Ball 1-0: Ball 2-0: Swinging Strike 2-1: Ball 3-1: Foul Ball, location: 2F 3-2: Foul Ball, location: 2F 3-2: Strikes out looking
|
Bottom of the 8th over - 0 run(s), 1 hit(s), 0 error(s), 3 left on base; Kenosha 8 - Nashua 6 |
TOP OF THE 9TH |
Kenosha Kingfish batting - Pitching for Nashua Redlegs : RHP Nakamaro Uenohara
|
Now in LF: Alan Evans
|
|
Now in CF: Joe Smith
|
|
Batting: RHB Juan Escalante
|
0-0: Foul Ball, location: 2F 0-1: Ball 1-1: Foul Ball, location: 2F 1-2: Ball 2-2: Foul Ball, location: 2F 2-2: Ground out 6-3 (Groundball, 6)
|
Batting: RHB Ron Campbell
|
0-0: SINGLE (Groundball, 3D)
|
Batting: RHB David Barker
|
0-0: Called Strike 0-1: Ball Wild Pitch! Ron Campbell to second 1-1: Foul Ball, location: 2F 1-2: Ball 2-2: Strikes out swinging
|
Batting: LHB Marvin Nichols
|
0-0: Foul Ball, location: 2F 0-1: SINGLE (Groundball, 4MD) Ron Campbell to third Runner from 3rd tries for Home, SAFE, no throw
|
Batting: LHB Henry Durham
|
0-0: Ball 1-0: Called Strike 1-1: Ball 2-1: Ball 3-1: Foul Ball, location: 2F 3-2: Reached on error, E6 (Groundball, 6) Marvin Nichols to third
|
Pitching: RHP Jesús Martínez
|
|
Batting: LHB Jon Quinn
|
0-0: SINGLE (Groundball, 4MD) Marvin Nichols scores Henry Durham to third Runner from 3rd tries for Home, SAFE, throw made home
|
Batting: RHB Andrés Bustamante
|
0-0: Ball 1-0: Foul Ball, location: 2F 1-1: Swinging Strike 1-2: Ball 2-2: Ball 3-2: Fly out, F8 (Flyball, 8LM)
|
Top of the 9th over - 3 run(s), 3 hit(s), 1 error(s), 1 left on base; Kenosha 11 - Nashua 6 |
BOTTOM OF THE 9TH |
Nashua Redlegs batting - Pitching for Kenosha Kingfish : RHP Claudio Cuevas
|
Batting: SHB José Vélez
|
0-0: Called Strike 0-1: Swinging Strike 0-2: Ball 1-2: Ball 2-2: Strikes out swinging
|
Batting: RHB Dave Warren
|
0-0: Fly out, F9 (Flyball, 9)
|
Batting: RHB Bob Fitzgerald
|
0-0: Called Strike 0-1: Ball 1-1: Swinging Strike 1-2: Foul Ball, location: 2F 1-2: Strikes out swinging
|
Bottom of the 9th over - 0 run(s), 0 hit(s), 0 error(s), 0 left on base; Kenosha 11 - Nashua 6 |
|